 Dungeon Crawl Stone Soup version 0.27.1-34-g3ba077fa99 (webtiles) character file.

Game seed: 5607416554550491365

100 Descartes the Grasshopper (level 5, -12/38 HPs)
             Began as a Formicid Warper on Jan 22, 2022.
             Mangled by an ice beast (14 damage)
             ... on level 3 of the Dungeon.
             The game lasted 00:03:28 (2814 turns).

Descartes the Grasshopper (Formicid Warper)         Turns: 2814, Time: 00:03:29

Health: -12/38     AC:  6    Str: 16    XL:     5   Next: 3%
Magic:  8/8        EV: 11    Int: 13    God:
Gold:   89         SH:  0    Dex: 10    Spells: 8/8 levels left

rFire    . . .     SeeInvis +   g - +1 dagger (venom)
rCold    . . .     Faith    .   (no shield)
rNeg     . . .     Spirit   .   h - +3 leather armour
rPois    .         Reflect  .   (helmet unavailable)
rElec    .         Harm     .   (no cloak)
rCorr    .         Rampage  .   (no gloves)
Will     .....                  (no boots)
Stlth    +.........             (no amulet)
HPRegen  0.12/turn              (no ring)
MPRegen  0.11/turn              (no ring)

@: no status effects
A: permanent stasis, dig shafts and tunnels, antennae 3, four strong arms
a: Dig, Shaft Self


You were on level 3 of the Dungeon.
You visited 1 branch of the dungeon, and saw 3 of its levels.

You collected 89 gold pieces.

Inventory:

Hand Weapons
 a - a +0 mace
 g - a +1 dagger of venom (weapon)
Missiles
 c - 5 boomerangs of dispersal (quivered)
 f - 52 stones
Armour
 h - a +3 leather armour (worn)
Scrolls
 d - 3 scrolls of fog {unknown}
 e - a scroll of immolation {unknown}
 j - a scroll of noise {unknown}
Potions
 i - 3 potions of heal wounds {unknown}


   Skills:
 - Level 2.1 Fighting
 - Level 2.0 Maces & Flails
 - Level 1.0 Throwing
 + Level 3.4 Armour
 - Level 1.7 Dodging
 - Level 2.1 Spellcasting
 + Level 3.9 Translocations


You had 8 spell levels left.
You didn't know any spells.
Your spell library contained the following spells:

 Spells                   Type           Power      Damage    Failure   Level
 Gell's Gravitas          Tloc           5%         N/A       19%         3
 Lesser Beckoning         Tloc           5%         N/A       19%         3
 Teleport Other           Tloc           11%        N/A       19%         3
 Manifold Assault         Tloc           11%        N/A       86%         5
 Blink                    Tloc           Unusable   N/A       N/A         2

Dungeon Overview and Level Annotations

Branches:
Dungeon (3/15)

Altars:
Uskayaw


Innate Abilities, Weirdness & Mutations

You cannot be hasted, slowed, berserked, paralysed or teleported.
You can dig through walls and to a lower floor.
You have a pair of large antennae on your head. (SInv)
Your four strong arms can wield two-handed weapons with a shield.


Message History

The ice beast is moderately wounded.
The ice beast hits you but does no damage.
You completely miss the ice beast.
The ice beast is moderately wounded.
The ice beast closely misses you.
You barely miss the ice beast.
The ice beast is moderately wounded.
The ice beast hits you.
* * * LOW HITPOINT WARNING * * *
The ice beast freezes you.
* * * LOW HITPOINT WARNING * * *
It was a potion of curing.
You feel better. The ice beast closely misses you.
You hit the ice beast but do no damage.
The ice beast is moderately wounded.
The ice beast hits you but does no damage.
You closely miss the ice beast.
The ice beast is moderately wounded.
The ice beast barely misses you.
You closely miss the ice beast.
The ice beast is moderately wounded.
The ice beast misses you.
You closely miss the ice beast.
The ice beast is moderately wounded.
The ice beast barely misses you.
You barely miss the ice beast.
The ice beast is moderately wounded.
The ice beast closely misses you.
You closely miss the ice beast.
The ice beast is moderately wounded.
The ice beast hits you but does no damage.
You hit the ice beast but do no damage.
The ice beast is moderately wounded.
The ice beast hits you. The ice beast freezes you!
* * * LOW HITPOINT WARNING * * *
You hit the ice beast.
The ice beast is moderately wounded.
The ice beast hits you.
* * * LOW HITPOINT WARNING * * *
The ice beast freezes you!
You die...

.####....###########.# # .#
#....# #.#.# .# #....# ###
#.#.# .# #....#
..###...##.#
'############.##.##.......#
...............#.##.#######
......<........#.##)#....#
..........#....#Y##......#
####...##.# ..#@##...####
##### ... #......# ###
####...# ...## #...# ....#
##.#.# .. .# #. .#


You could see an ice beast.

Vanquished Creatures
  Robin (D:2)
  3 adders
  An orc (D:3)
  8 endoplasms
  A giant cockroach (D:1)
  6 hobgoblins
  5 quokkas
  3 ball pythons
  3 bats (D:1)
  3 frilled lizards
  12 goblins (D:2)
  7 kobolds
  3 rats
56 creatures vanquished.

Notes
Turn   | Place    | Note
-------+----------+-------------------------------------------
     0 | D:1      | Descartes the Formicid Warper began the quest for the Orb.
     0 | D:1      | Reached XP level 1. HP: 16/16 MP: 3/3
   335 | D:1      | Reached XP level 2. HP: 22/22 MP: 5/5
  1000 | D:1      | Reached XP level 3. HP: 27/27 MP: 6/6
  1419 | D:2      | Noticed Robin
  1454 | D:2      | Killed Robin
  1468 | D:2      | Reached XP level 4. HP: 22/33 MP: 7/7
  1771 | D:2      | Found a faded altar of an unknown god.
  1792 | D:2      | Became a worshipper of Uskayaw the Reveller
  1792 | D:2      | Reached * piety under Uskayaw
  1965 | D:2      | Fell from the grace of Uskayaw
  2623 | D:3      | Reached XP level 5. HP: 17/38 MP: 8/8
  2799 | D:3      | Noticed an ice beast
  2814 | D:3      | Mangled by an ice beast

Illustrated notes

Levels and vault maps discovered:
D:1:      shiori_arrival_maze, layout_basic
D:2:      layout_loops_cross, shapermc_ecumenical_altar_mp_vishouse,
          chequers_jeans, minmay_misc_feat_room, grunt_decor_junction,
          uniq_robin
D:3:      layout_basic, mainiacjoe_overflow_brackets, grunt_qazlal_clouds,
          mainiacjoe_overflow_alcove_2, mainiacjoe_overflow_24_doors,
          roderic_batcave, columned_hall_lemuel, minmay_between

Skill      XL: |  1  2  3  4 |
---------------+-------------+-----
Translocations | 3 |  3.9
Armour         | 2 3 |  3.4
Fighting       | |  2.1
Maces & Flails | |  2.0
Throwing       | |  1.0
Dodging        | |  1.7
Spellcasting   | |  2.1

Action                   |  1- 3 |  4- 6 || total
-------------------------+-------+-------++-------
Melee: Mace              |    60 |       ||    60
       Dagger            |    52 |    95 ||   147
Invok: Renounce Religion |       |     1 ||     1
 Abil: Dig               |     2 |       ||     2
  Use: Potion            |       |     1 ||     1
Armor: Leather armour    |    19 |    22 ||    41
       Ring mail         |    20 |       ||    20
Dodge: Dodged            |    77 |    48 ||   125
